 Dungeon Crawl Stone Soup version 0.31.0-9-g3a7656b989 (webtiles) character file.

Game seed: 3299137981023688414

11 Amaterasu the Ruffian (level 2, 0/18 HPs)
             Began as an Octopode Shapeshifter on Jan 24, 2024.
             Slain by a quokka (2 damage)
             ... on level 1 of the Dungeon.
             The game lasted 00:01:00 (350 turns).

Amaterasu the Ruffian (Octopode Shapeshifter)        Turns: 350, Time: 00:01:01

Health: 0/18       AC:  1    Str: 13    XL:     2   Next: 29%
Magic:  2/2        EV: 13    Int: 12    God:
Gold:   0          SH:  0    Dex: 11    Spells: 1/1 levels left

rFire   . .          .
                       - Unarmed
rCold   . . .        (no shield)
rNeg    . . .        (helmet currently unavailable)
rPois   .            (no amulet)
rElec   .            (no ring)
rCorr   .            (no ring)
SInv    .            (no ring)
Will    .....        (no ring)
Stlth   ++           (no ring)
HPRegen 0.23/turn    (no ring)
MPRegen 0.08/turn    (no ring)
                     (no ring)

%: no passive effects
@: beast-form
A: beast (slay +1), almost no armour, amphibious, 8 rings, camouflage 1,
gelatinous body 1, (nimble swimmer 1), tentacles
a: Begin Untransformation


You were on level 1 of the Dungeon.
You were a hulking beast.
You visited 1 branch of the dungeon, and saw 1 of its levels.

Inventory:

Talismans
 b - a beast talisman
 c - a flux talisman
Scrolls
 d - a scroll of teleportation {unknown}
Potions
 a - a potion of lignification


   Skills:
 * Level 1.1 Fighting
 * Level 2.1 Dodging
 * Level 3.2 Unarmed Combat
 * Level 3.2 Shapeshifting


You had one spell level left.
You didn't know any spells.
Your spell library was empty.

Dungeon Overview and Level Annotations

Branches:
Dungeon (1/15)

Altars:

Shops:
D:1 *


Innate Abilities, Weirdness & Mutations

You are a hulking beast.
Your limbs bulge with bestial killing power. (Slay +1)
You cannot wear most types of armour.
You are amphibious.
You can wear up to eight rings at the same time.
Your skin changes colour to match your surroundings (Stealth+).
Your rubbery body absorbs attacks. (AC +1, EV +1)
((You are camouflaged when in or above water. (Stealth+)))
You have tentacles for arms and can constrict up to eight enemies at once.


Message History

An endoplasm comes into view.
You tentacle-slap the hobgoblin. Your grab misses the hobgoblin.
The hobgoblin is heavily wounded.
A ball python comes into view.
The hobgoblin barely misses you.
The ball python hisses angrily.
You tentacle-slap the hobgoblin but do no damage.
You grab the hobgoblin. Your squeeze misses the hobgoblin.
The hobgoblin is heavily wounded.
You constrict the hobgoblin.
You tentacle-slap the hobgoblin but do no damage.
The hobgoblin is severely wounded.
You constrict the hobgoblin.
An endoplasm comes into view.
The hobgoblin barely misses you.
The endoplasm quivers.
You tentacle-slap the hobgoblin.
You kill the hobgoblin!
The endoplasm freezes you.
You are frozen.
You tentacle-slap the endoplasm. Your squeeze misses the endoplasm.
The endoplasm is heavily wounded.
The endoplasm freezes you.
You are frozen.
The quokka attacks as it pursues you! The quokka bites you.
The quokka attacks as it pursues you! The quokka completely misses you.
The quokka attacks as it pursues you! The quokka misses you.
The quokka closely misses you. The quokka attacks as it pursues you!
The quokka barely misses you. The quokka attacks as it pursues you!
The quokka bites you. The quokka barely misses you.
There is a stone staircase leading down here.
The quokka attacks as it pursues you! The quokka closely misses you.
The quokka attacks as it pursues you! The quokka bites you.
The quokka attacks as it pursues you! The quokka misses you.
The quokka bites you. The quokka attacks as it pursues you!
The quokka bites you.
* * * LOW HITPOINT WARNING * * *
The quokka attacks as it pursues you! The quokka bites you.
You die...

..)...## #...# ##........
#.###J.### #...# #...######
......S..## ###+#######.......#
##.####J..# #..............†..#
#.#####.∩####.#####.####......#
#........#..S.### #...##......#
##...###..>J.J...# ###.##......#
......†..#######r# #.##......#
##...#.........#h#####.##......#
#......######)#.#.............#
#......# #.....#.#############
#......# #.#.......# #....#
#......####.####....# #....#
#......#.†..........# #....#
#......#.###.....#### ##....##
#####..#.# #.....# #....... #.#
#.....# #.....#.


You could see a quokka.

Vanquished Creatures
  A ball python (D:1)
  2 endoplasms (D:1)
  A goblin (D:1)
  2 hobgoblins (D:1)
  4 frilled lizards (D:1)
  A rat (D:1)
11 creatures vanquished.

Notes
Turn   | Place    | Note
-------+----------+-------------------------------------------
     0 | D:1      | Amaterasu the Octopode Shapeshifter began the quest for the
                  | Orb.
     0 | D:1      | Reached XP level 1. HP: 13/13 MP: 1/1
   131 | D:1      | Reached XP level 2. HP: 18/18 MP: 2/2
   299 | D:1      | Found Xuenylikk's General Store.
   350 | D:1      | Slain by a quokka

Illustrated notes

Levels and vault maps discovered:
D:1:      minmay_arrival_cross, layout_basic, serial_shops, shop

Action                     || total
---------------------------++-------
  Melee: Unarmed           ||    24
         Tentacles         ||     2
         Constrict         ||     4
   Stab: Sleeping          ||     3
 Armour: Skin              ||     8
  Dodge: Dodged            ||    15
